Map: Tours du crépuscule

Players

Elirso

  • Race: Protoss Protoss
  • League: Platinum

Wolle - Winner!

  • Race: Terran Terran
  • League: Gold

VOD

Have the link to the VOD?

Description

Marines Tank push wohooo

Time

  • Played on: Dec. 5, 2015, 9:22 a.m.
  • Length: 5:24
Show
View Real Time Build Order
Export as new Build Order

Elirso Protoss 

Build Orders: 1 Gate Expand 

Get SALT Encoding   

  12  0:01  Probe (Chrono Boost)  
  13  0:15  Pylon  
  13  0:18  Probe (Chrono Boost)  
  14  0:28  Probe (Chrono Boost)  
  15  0:36  Gateway  
  15  0:39  Probe (Chrono Boost)  
  16  0:48  Assimilator  
  17  0:50  Probe (Chrono Boost)  
  17  1:00  Probe (Chrono Boost)  
  18  1:11  Probe (Chrono Boost)  
  19  1:25  Nexus  
  19  1:28  Probe (Chrono Boost)  
  20  1:42  Probe (Chrono Boost)  
  20  1:43  Cybernetics Core  
  21  1:52  Pylon  
  21  2:00  Probe (Chrono Boost), Assimilator  
  22  2:13  Probe (Chrono Boost)  
  23  2:20  Gateway  
  23  2:25  Mothership Core (Chrono Boost)  
  23  2:26  Warp Gate  
  25  2:39  Probe (Chrono Boost)  
  25  2:43  Probe (Chrono Boost)  
  27  2:49  Probe (Chrono Boost)  
  28  2:53  Stalker  
  28  2:54  Pylon  
  30  3:01  Robotics Facility  
  30  3:04  Probe (Chrono Boost)  
  31  3:18  Probe x2 (Chrono Boost)  
  31  3:19  Stalker  
  35  3:28  Probe x2 (Chrono Boost)  
  37  3:34  Twilight Council  
  37  3:39  Sentry, Probe x2 (Chrono Boost)  
  41  3:43  Pylon  
  41  3:52  Probe (Chrono Boost)  
  41  3:53  Observer  
  41  3:54  Probe (Chrono Boost)  
  44  3:58  Assimilator  
  44  4:04  Gateway  
  44  4:05  Probe (Chrono Boost)  
  47  4:12  Probe (Chrono Boost)  
  47  4:16  Probe (Chrono Boost)  
  45  4:29  Adept  
  47  4:43  Pylon  
  47  4:44  Adept  
  47  4:45  Pylon  
  49  4:59  Adept  
  51  5:12  Adept  
Show
View Real Time Build Order
Export as new Build Order

Wolle Terran - Winner!

Build Orders:  

Get SALT Encoding   

  12  0:00  SCV  
  13  0:13  SCV  
  14  0:18  Supply Depot  
  14  0:25  SCV  
  15  0:29  Refinery  
  15  0:39  SCV  
  16  0:46  Barracks  
  16  0:51  SCV  
  17  1:03  SCV  
  18  1:07  Barracks  
  18  1:16  SCV  
  19  1:28  SCV  
  20  1:34  Marine  
  20  1:35  Factory  
  21  1:40  SCV  
  22  1:48  Supply Depot  
  22  1:54  Orbital Command  
  22  1:58  Marine  
  23  2:10  Marine  
  24  2:15  Refinery  
  24  2:16  Marine  
  24  2:18  Factory Tech Lab  
  25  2:26  Engineering Bay  
  25  2:29  Marine  
  26  2:37  Siege Tank  
  26  2:38  Marine  
  30  2:47  Supply Depot  
  30  2:52  Marine  
  30  2:57  Barracks Tech Lab  
  31  3:00  Missile Turret  
  31  3:09  SCV, Siege Tank  
  31  3:11  Marine  
  36  3:15  Supply Depot  
  36  3:22  Marine  
  36  3:27  SCV  
  38  3:32  Marine  
  39  3:36  Barracks  
  39  3:41  Siege Tank  
  39  3:43  Marine  
  39  3:46  SCV  
  44  3:53  Marine  
  45  3:59  SCV  
  45  4:00  Combat Shields  
  46  4:18  Marine  
  46  4:21  Marine  
  45  4:28  Marine  
  46  4:36  Marine  
  47  4:44  Supply Depot  
  47  4:58  Marine  
  47  5:05  Marine  
Tags
 
Add a new tag
Caveats
  • Supply blocks, unpowered buildings, or Contaminate may cause inaccurate times.
  • Supply counts are checked every 10 seconds.